 Dungeon Crawl Stone Soup version 0.31-a0-472-g43a2ca8e1b (webtiles) character file.

Game seed: 2768873397927590324

410 Ethylacetat the Changeling (level 6, -14/42 HPs)
             Began as an Octopode Shapeshifter on Aug 6, 2023.
             Demolished by an ogre
             ... wielding a +0 giant spiked club
              (38 damage)
             ... on level 4 of the Dungeon.
             The game lasted 00:02:30 (2946 turns).

Ethylacetat the Changeling (Octopode Shapeshifter)  Turns: 2946, Time: 00:02:30

Health: -14/42     AC:  1    Str: 14    XL:     6   Next: 89%
Magic:  6/6        EV: 18    Int: 11    God:
Gold:   163        SH:  0    Dex: 14    Spells: 5/5 levels left

rFire   . .          .
                       - Unarmed
rCold   . . .        (no shield)
rNeg    . . .        (helmet currently unavailable)
rPois   .            (no amulet)
rElec   .            c - +5 ring of evasion
rCorr   .            (no ring)
SInv    .            (no ring)
Will    .....        (no ring)
Stlth   ++           (no ring)
HPRegen 0.27/turn    (no ring)
MPRegen 0.10/turn    (no ring)
                     (no ring)

%: no passive effects
@: beast-form
A: beast (slay +3), almost no armour, amphibious, 8 rings, camouflage 1,
gelatinous body 1, (nimble swimmer 1), tentacles
a: Begin Untransformation


You were on level 4 of the Dungeon.
You were a hulking beast.
You visited 1 branch of the dungeon, and saw 4 of its levels.

You collected 163 gold pieces.

Inventory:

Jewellery
 c - a +5 ring of evasion (left tentacle)
Talismans
 b - a beast talisman (active)
Scrolls
 a - a scroll of torment {unknown}
 e - a scroll of vulnerability {unknown}
 f - 8 scrolls of identify {unknown}
 g - 2 scrolls of immolation {unknown}
 i - 3 scrolls of noise {unknown}
 k - a scroll of teleportation {unknown}
Potions
 d - a potion of cancellation {unknown}
 h - 2 potions of haste {unknown}
 j - a potion of heal wounds


   Skills:
 + Level 3.3 Fighting
 - Level 2.0 Dodging
 + Level 4.5 Unarmed Combat
 * Level 5.0 Shapeshifting


You had 5 spell levels left.
You didn't know any spells.
Your spell library contained the following spells:

 Spells                   Type           Power      Damage    Failure   Level
 Tukima's Dance           Hex            0%         N/A       71%         3
 Passage of Golubria      Tloc           0%         N/A       98%         4
 Yara's Violent Unravell  Hex/Tmut       0%         3d3       100%        5


Dungeon Overview and Level Annotations

Branches:
Dungeon (4/15)
 Temple: D:4-7

Altars:


Innate Abilities, Weirdness & Mutations

You are a hulking beast.
Your limbs bulge with bestial killing power. (Slay +3)
You cannot wear most types of armour.
You are amphibious.
You can wear up to eight rings at the same time.
Your skin changes colour to match your surroundings (Stealth+).
Your rubbery body absorbs attacks. (AC +1, EV +1)
((You are camouflaged when in or above water. (Stealth+)))
You have tentacles for arms and can constrict up to eight enemies at once.


Message History

You barely miss the hobgoblin. You grab the hobgoblin.
Your squeeze misses the hobgoblin.
The hobgoblin is heavily wounded.
You constrict the hobgoblin. The hobgoblin closely misses you.
A hobgoblin is nearby!
You tentacle-slap the hobgoblin.
You kill the hobgoblin!
(D) Dungeon
Where to? (Enter - D:3 @ (x,y), ? - help)
Okay, then.
Search for what [? for help]? dag You now have 163 gold pieces (gained 18).
k - a scroll labelled GOX ECIXTY
Found a stone staircase leading up.
An endoplasm comes into view.
An endoplasm is nearby!
The endoplasm quivers.
The endoplasm freezes you.
You are frozen.
You bludgeon the endoplasm!
You kill the endoplasm!
No target in view!
There is a stone staircase leading up here.
There is a stone staircase leading up here.
An ogre comes into view. It is wielding a +0 giant spiked club.
The ogre shouts!
An ogre is nearby!
There is a stone staircase leading up here.
An ogre is nearby!
You bludgeon the ogre!
Your tentacle-slap misses the ogre.
The ogre is moderately wounded.
The ogre hits you with a +0 giant spiked club!!
Ouch! That really hurt!
* * * LOW HITPOINT WARNING * * *
You are too injured to fight recklessly!
You are too injured to fight recklessly!
You feel much better.
The ogre hits you with a +0 giant spiked club!!!
Ouch! That really hurt!
You die...

##.###.#
########......#.#.#
##.....#
#.....#####.#.#
####### #...#.#
#.#.#
#...#.#####.#.#
#.#.#.......#.#
#.)...........#
###....########
###########<#.#
#.......hO..#.#
#.###########.#
#.............#
###############


You could see an ogre.

Vanquished Creatures
  Sigmund (D:2)
  A scorpion (D:4)
  Jessica (D:3)
  Terence (D:2)
  Robin (D:3)
  5 adders
  A worm (D:3)
  2 dart slugs (D:2)
  6 orcs
  6 endoplasms
  5 giant cockroaches
  12 goblins
  7 hobgoblins
  2 jackals (D:2)
  2 quokkas
  6 ball pythons
  6 bats
  2 frilled lizards
  6 kobolds
  2 rats (D:3)
75 creatures vanquished.

Notes
Turn   | Place    | Note
-------+----------+-------------------------------------------
     0 | D:1      | Ethylacetat the Octopode Shapeshifter began the quest for
                  | the Orb.
     0 | D:1      | Reached XP level 1. HP: 13/13 MP: 1/1
   454 | D:1      | Reached XP level 2. HP: 16/18 MP: 2/2
   815 | D:2      | Reached XP level 3. HP: 23/23 MP: 3/3
  1001 | D:2      | Noticed Terence
  1021 | D:2      | Killed Terence
  1022 | D:2      | Reached XP level 4. HP: 21/29 MP: 4/4
  1257 | D:2      | Noticed Sigmund
  1262 | D:2      | Killed Sigmund
  1263 | D:2      | Reached skill level 4 in Shapeshifting
  1263 | D:2      | Reached XP level 5. HP: 32/36 MP: 5/5
  1263 | D:2      | Reached XP level 6. HP: 36/41 MP: 6/6
  1900 | D:3      | Noticed Jessica
  1906 | D:3      | Killed Jessica
  1922 | D:3      | Noticed Robin
  1926 | D:3      | Killed Robin
  2382 | D:4      | Reached skill level 5 in Shapeshifting
  2946 | D:4      | Demolished by an ogre

Illustrated notes

Levels and vault maps discovered:
D:1:      giann_horns, layout_basic
D:2:      layout_loops_ring, minmay_between, uniq_sigmund, uniq_terence
D:3:      layout_basic, grunt_ministairs_3, amcnicky_mini_corridor_feature,
          uniq_jessica, uniq_robin
D:4:      layout_basic

Skill      XL: |  1  2  3  4  5  6 |
---------------+-------------------+-----
Fighting       | 2 3 |  3.3
Unarmed Combat | 4 |  4.5
Shapeshifting  | 4 5 |  5.0
Dodging        | |  2.0

Action                     |  1- 3 |  4- 6 || total
---------------------------+-------+-------++-------
  Melee: Unarmed           |    42 |    89 ||   131
         Tentacles         |     5 |    12 ||    17
         Constrict         |     7 |    24 ||    31
         Punch             |     1 |     2 ||     3
    Use: Potion            |     2 |     1 ||     3
   Stab: Sleeping          |     9 |     8 ||    17
 Armour: Skin              |     7 |     1 ||     8
  Dodge: Dodged            |     5 |    55 ||    60

Table legend: (Time is in decaauts)
 A = Elapsed time spent in this place.
 B = Non-inter-level travel time spent in this place.
 C = Inter-level travel time spent in this place.
 D = Time resting spent in this place.
 E = Time spent auto-exploring this place.
 F = Levels seen in this place.
 G = Mean time per level.
                   A        B        C        D        E       F      G
               +--------+--------+--------+--------+--------+-----+--------+
         Total |   2936 |   2876 |     60 |     92 |   2358 |   4 |  734.0 |
       Dungeon |   2936 |   2876 |     60 |     92 |   2358 |   4 |  734.0 |
               +--------+--------+--------+--------+--------+-----+--------+

Top non-repeatable levels by time:
     D:2: 859 daAuts
     D:3: 789 daAuts
     D:1: 698 daAuts
     D:4: 588 daAuts
